 Dungeon Crawl Stone Soup version 0.30-a0-857-gcaf70739d4 (webtiles) character file.

Game seed: 10565403255293472204

793 cforsyth the Thaumaturge (level 7, 0/36 HPs)
             Began as a Deep Elf Earth Elementalist on Mar 5, 2023.
             Slain by an ogre
             ... wielding a +0 giant club
              (3 damage)
             ... on level 4 of the Dungeon.
             The game lasted 00:05:13 (5127 turns).

cforsyth the Thaumaturge (DEEE)                     Turns: 5127, Time: 00:05:13

Health: 0/36       AC:  7    Str:  5    XL:     7   Next: 57%
Magic:  17/20      EV:  9    Int: 25    God:
Gold:   113        SH:  0    Dex: 15    Spells: 21/22 levels left

rFire   . . .      SeeInvis +    (no weapon)
rCold   . . .      Faith    .    (no shield)
rNeg    . . .      Spirit   .    p - +2 ring mail of Keico {rElec Int+3 SInv}
rPois   .          Reflect  .    (no helmet)
rElec   +          Rampage  .    (no cloak)
rCorr   .                        (no gloves)
Will    .....                    (no boots)
Stlth   +                        (no amulet)
HPRegen 0.26/turn                (no ring)
MPRegen 0.17/turn                (no ring)

@: no status effects
A: no striking features
a: no special abilities


You were on level 4 of the Dungeon.
You visited 1 branch of the dungeon, and saw 5 of its levels.

You collected 223 gold pieces.
You spent 110 gold pieces at shops.

Inventory:

Armour
 a - a +0 robe
 p - the +2 ring mail of Keico (worn) {rElec Int+3 SInv}
   (You found it on level 3 of the Dungeon)

   Int:       It affects your intelligence (+3).
   rElec:     It insulates you from electricity.
   SInv:      It lets you see invisible.
Jewellery
 r - a +5 ring of evasion
 x - a ring of protection from fire
 y - a +6 ring of strength
Wands
 u - a wand of digging (7)
Scrolls
 c - a scroll of enchant armour {unknown}
 e - a scroll of acquirement {unknown}
 h - 2 scrolls of fear {unknown}
 j - a scroll of noise {unknown}
 m - 7 scrolls of teleportation {unknown}
 o - 4 scrolls of identify {unknown}
 q - 3 scrolls of poison {unknown}
 t - a scroll of amnesia
 v - a scroll of enchant weapon {unknown}
 w - 2 scrolls of blinking {unknown}
Potions
 b - a potion of magic
 d - 2 potions of curing {unknown}
 f - 2 potions of mutation {unknown}
 g - 4 potions of attraction {unknown}
 i - a potion of cancellation {unknown}
 k - 3 potions of might {unknown}
 l - a potion of degeneration {unknown}
 n - a potion of berserk rage {unknown}
 s - a potion of heal wounds {unknown}
 z - a potion of lignification {unknown}


   Skills:
 - Level 2.4 Dodging
 - Level 2.4 Stealth
 + Level 8.4 Spellcasting
 - Level 1.1 Transmutations
 + Level 7.3 Earth Magic


You had 21 spell levels left.
You knew the following spells:

 Your Spells              Type           Power      Damage    Failure   Level
a - Sandblast             Erth           94%        2d19      1%          1

Your spell library contained the following spells:

 Spells                   Type           Power      Damage    Failure   Level
 Passwall                 Tmut/Erth      25%        N/A       8%          2
 Stone Arrow              Conj/Erth      58%        3d10      19%         3
 Wereblood                Tmut           16%        N/A       26%         2
 Sublimation of Blood     Necr           10%        N/A       38%         2
 Petrify                  Tmut/Erth      31%        N/A       43%         4
 Hailstorm                Conj/Ice       10%        3d5       63%         3
 Ice Form                 Ice/Tmut       13%        N/A       92%         4
 Simulacrum               Ice/Necr       5%         N/A       100%        6
 Summon Hydra             Summ           5%         N/A       100%        7


Dungeon Overview and Level Annotations

Branches:
Dungeon (5/15)
 Temple: D:4-7

Altars:
Fedhas
Ru
Uskayaw
Zin

Shops:
D:4 *

Annotations:
D:4 exclusion: oklob plant
D:5 Ijyb


Message History

You kill the adder!
The jelly quivers.
An orc comes into view. It is wielding a +0 mace.
Ijyb the Twisted Goblin comes into view.
She is wielding a +0 club and carrying a wand of roots (7).
The blast of sand hits the orc priest!!
You kill the orc priest!
The orc shouts!
You hear an angry hiss.
Ijyb screams, "You nasty!
Big nasty!"
A quokka comes into view.
There is a stone staircase leading up here.
The blast of sand hits the jelly!
The jelly is almost dead.
The jelly hits you but does no damage. The orc hits you but does no damage.
The jelly hits you.
You are splashed with acid!
The ogre hits you with a +0 giant club!
* * * LOW HITPOINT WARNING * * *
Ijyb zaps a wand.
The roots erupt in riotous growth!
The orc is unaffected.
The grasping roots grab you!
The jelly is unaffected.
The orc is unaffected.
The ogre is unaffected.
The grasping roots constrict you.
* * * LOW HITPOINT WARNING * * *
The ogre shouts!
Unknown command.
Okay, then.
Okay, then.
Okay, then.
You escape the roots grasp.
The jelly hits you but does no damage. The orc hits you with a +0 short sword.
* * * LOW HITPOINT WARNING * * *
You climb upwards.
Level annotation: exclusion: oklob plant
There is a stone staircase leading down here.
Unknown command.
Unknown command.
As you read the scroll labelled OBYS GOMPOTOZAD, it crumbles to dust.
It is a scroll of amnesia.
Really abort (and waste the scroll)?
Okay, then.
The ogre hits you with a +0 giant club.
You die...

######.# #......#
#.####.# #.# #.# #.# #.#
#.# #.# #.# #.#
#############.# ##.#####
#......O@o..#.# #......#
#......Jo...#.# #.....(#
#...........#.# #<.....##
#...........#.# #....)...
#...........#.###......##
#...........#............
##)).##...#.#####......##
#...##...#.# #......#
#...##...#.#############


You could see an ogre, a jelly and 2 orcs.

Vanquished Creatures
  An ice beast (D:5)
  An ogre (D:4)
  2 phantoms (D:4)
  A jelly (D:5)
  2 orc priests
  Jessica (D:2)
  2 iguanas (D:4)
  Natasha (thrice) (D:2)
  An orc wizard (D:3)
  Robin (D:2)
  4 gnolls (D:4)
  7 adders
  2 worms
  8 orcs
  7 endoplasms
  5 giant cockroaches
  19 goblins
  9 hobgoblins
  6 kobolds
  3 ball pythons
  3 bats
  4 frilled lizards
  2 rats
94 creatures vanquished.

Notes
Turn   | Place    | Note
-------+----------+-------------------------------------------
     0 | D:1      | cforsyth the Deep Elf Earth Elementalist began the quest
                  | for the Orb.
     0 | D:1      | Reached XP level 1. HP: 10/10 MP: 6/6
   190 | D:1      | Reached XP level 2. HP: 13/15 MP: 1/8
   850 | D:2      | Reached skill level 4 in Spellcasting
   874 | D:2      | Reached XP level 3. HP: 19/19 MP: 5/10
   960 | D:2      | Noticed Robin
   967 | D:2      | Killed Robin
  1133 | D:2      | Noticed Jessica
  1139 | D:2      | Killed Jessica
  1140 | D:2      | Reached XP level 4. HP: 10/24 MP: 8/12
  1239 | D:2      | Reached skill level 5 in Spellcasting
  1642 | D:2      | Noticed Natasha
  1647 | D:2      | Killed Natasha
  1648 | D:2      | Reached skill level 5 in Earth Magic
  1648 | D:2      | Reached XP level 5. HP: 18/28 MP: 10/14
  1868 | D:2      | Noticed Natasha
  1872 | D:2      | Killed Natasha
  2579 | D:2      | Noticed Natasha
  2580 | D:2      | Killed Natasha
  3154 | D:3      | Found a hide-covered altar of Uskayaw.
  3317 | D:3      | Found a glowing silver altar of Zin.
  3342 | D:3      | Identified the +2 ring mail of Keico {rElec Int+3 SInv}
  3426 | D:3      | Reached skill level 6 in Spellcasting
  3818 | D:4      | Noticed an ogre
  3822 | D:4      | Killed an ogre
  3823 | D:4      | Reached XP level 6. HP: 32/32 MP: 10/17
  4078 | D:4      | Reached skill level 7 in Spellcasting
  4137 | D:4      | Found a sacrificial altar of Ru.
  4196 | D:4      | Found Didukh's Assorted Antiques.
  4209 | D:4      | Reached XP level 7. HP: 36/36 MP: 15/19
  4271 | D:4      | Bought a scroll labelled DEFUMM NANI for 23 gold pieces
  4271 | D:4      | Bought a scroll labelled JAMADU GUUG for 23 gold pieces
  4271 | D:4      | Bought a scroll labelled OBYS GOMPOTOZAD for 23 gold pieces
  4271 | D:4      | Bought 2 ruby potions for 41 gold pieces
  4428 | D:4      | Found a blossoming altar of Fedhas.
  4450 | D:4      | Noticed an oklob plant
  4728 | D:5      | Entered Level 5 of the Dungeon
  4730 | D:5      | Noticed a steam dragon
  4996 | D:5      | Reached skill level 8 in Spellcasting
  5120 | D:5      | Noticed Ijyb
  5127 | D:4      | Slain by an ogre

Illustrated notes

Levels and vault maps discovered:
D:1:      amcnicky_arrival_double_pillar, layout_basic,
          nicolae_kite_square_tiling_tiny
D:2:      layout_loops_ring, kennysheep_pointless_box, minmay_surrounded,
          uniq_jessica, uniq_natasha, uniq_robin
D:3:      layout_loops_ring, mainiacjoe_overflow_tiny_flanked,
          mainiacjoe_overflow_cross_hatched, chequers_serial_rivers_large_a,
          minivault_27, minmay_misc_feat_tiny
D:4:      layout_basic, tgw_fedhas, pf_just_have_faith, serial_shops,
          kennysheep_mini
D:5:      layout_rooms, minmay_temple_entry_grid, uniq_ijyb,
          uniq_crazy_yiuf_cottage

Skill      XL: |  1  2  3  4  5  6  7 |
---------------+----------------------+-----
Spellcasting   | 4 5 6 7 8 |  8.4
Earth Magic    | 4 5 6 7 |  7.3
Dodging        | |  2.4
Stealth        | |  2.4
Transmutations | |  1.1

Action                     |  1- 3 |  4- 6 |  7- 9 || total
---------------------------+-------+-------+-------++-------
   Cast: Sandblast         |    50 |    62 |    23 ||   135
    Use: Scroll            |       |       |     1 ||     1
 Armour: Robe              |     3 |     2 |       ||     5
         Ring mail         |       |     1 |     7 ||     8
  Dodge: Dodged            |    15 |    13 |     2 ||    30

Table legend: (Time is in decaauts)
 A = Elapsed time spent in this place.
 B = Non-inter-level travel time spent in this place.
 C = Inter-level travel time spent in this place.
 D = Time resting spent in this place.
 E = Time spent auto-exploring this place.
 F = Levels seen in this place.
 G = Mean time per level.
                   A        B        C        D        E       F      G
               +--------+--------+--------+--------+--------+-----+--------+
         Total |   5205 |   5068 |    137 |    410 |   4084 |   5 | 1041.0 |
       Dungeon |   5205 |   5068 |    137 |    410 |   4084 |   5 | 1041.0 |
               +--------+--------+--------+--------+--------+-----+--------+

Top non-repeatable levels by time:
     D:2: 2217 daAuts
     D:4: 1090 daAuts
     D:3: 932 daAuts
     D:1: 860 daAuts
     D:5: 105 daAuts
